 Dungeon Sprint DCSS version 0.31-a0-818-ge7c7cf74f0 (webtiles) character file.

Game seed: 6686397632107509881

72 sircluck the Ruffian (level 4, -5/49 HPs)
             Began as a Troll Berserker on Sept 23, 2023.
             Was a Believer of Trog.
             Slain by a red devil
             ... wielding a +2 demon trident of freezing
             ... summoned by a kobold demonologist
              (17 damage)
             ... in the Dungeon (Sprint VII: "The Pits").
             The game lasted 00:00:30 (62 turns).

sircluck the Ruffian (Troll Berserker)                Turns: 62, Time: 00:00:31

Health: -5/49      AC:  4    Str: 27    XL:     4   Next: 6%
Magic:  3/3        EV: 10    Int:  3    God:    Trog [**....]
Gold:   0          SH:  0    Dex:  9    Spells: 3/3 levels left

rFire   . .          .
                       - Unarmed
rCold   . . .        (no shield)
rNeg    . . .        a - +0 animal skin
rPois   .            (helmet restricted)
rElec   .            (no cloak)
rCorr   .            (gloves unavailable)
SInv    .            (boots unavailable)
Will    .....        (no amulet)
Stlth   +            (no ring)
HPRegen 1.08/turn    (no ring)
MPRegen 0.08/turn

%: no teleportation
@: spiked, on berserk cooldown, slowed, very slow
A: large, unfitting armour, claws 3, regeneration 1, shaggy fur 1, tough skin 1
a: Renounce Religion, Berserk, Trog's Hand


You were in the Dungeon.
You worshipped Trog.
Trog was pleased with you.
You visited 1 branch

Inventory:

Armour
 a - a +0 animal skin (worn)
Scrolls
 g - a scroll of blinking
Potions
 b - a potion of curing
 c - a potion of heal wounds
 d - a potion of haste
 e - 2 potions of magic
 f - a potion of berserk rage


   Skills:
 + Level 4.5 Fighting
 + Level 4.5 Dodging
 + Level 5.4 Unarmed Combat


You had 3 spell levels left.
You didn't know any spells.
Your spell library was empty.

Dungeon Overview and Level Annotations

Branches:
Dungeon (1/1)

Altars:


Innate Abilities, Weirdness & Mutations

You are too large for most types of armour.
You have claws for hands.
Your natural rate of healing is unusually fast.
You are covered in fur. (AC +1)
You have tough skin. (AC +1)


Message History

Things that are here:
a +0 dagger; a curare-tipped dart; a kobold corpse A kobold comes into view.
It is wielding a +2 whip of electrocution.
You feel a strong urge to attack something.
The kobold shouts!
You barely miss the kobold demonologist.
You are no longer berserk.
You are exhausted.
You feel yourself slow down. The iron imp hits you.
The kobold demonologist casts a spell.
The kobold demonologist closely misses you.
The kobold hits you but does no damage.
There is a huge open gate leading to the Armoury (Hard) here.
You claw the kobold demonologist!
The kobold demonologist is moderately wounded.
The iron imp hits you. The kobold hits you with a +0 whip.
The kobold demonologist mumbles some strange words.
You scratch the kobold demonologist but do no damage.
The kobold demonologist is moderately wounded.
The white imp disappears in a puff of smoke!
The kobold demonologist hits you with a +0 dagger.
The iron imp barely misses you. The red devil barely misses you.
The kobold hits you with a +0 whip.
The kobold demonologist hits you with a +0 dagger.
The iron imp hits you!
You scratch the kobold demonologist but do no damage.
The kobold demonologist is moderately wounded.
The red devil hits you from afar with a +2 demon trident of freezing!
Barbed spikes become lodged in your body.
The red devil freezes you. The white imp gestures at you.
The puff of frost hits you.
* * * LOW HITPOINT WARNING * * *
The kobold hits you but does no damage.
The kobold demonologist casts a spell.
The kobold demonologist hits you but does no damage.
The iron imp barely misses you.
The red devil hits you from afar with a +2 demon trident of freezing!
You die...

#########++###### #
................# .#
......#..#....)5##4.#
..............)5@KK.#
.............).KK5KK#
......#..#.....4##3.....
................# ......
###'#####''###### #####
.......##''#
.......##..#
.......##..#
...<...##..#


You could see 2 kobold demonologists, a smoke demon (summoned), 2 red devils, an
iron imp (summoned), a white imp (summoned), an ufetubus (summoned) and 4
kobolds.

Vanquished Creatures
  A kobold brigand (D)
  2 kobolds (D)
3 creatures vanquished.

Notes
Turn   | Place    | Note
-------+----------+-------------------------------------------
     0 | D        | sircluck the Troll Berserker began the quest for the Orb.
     0 | D        | Reached XP level 1. HP: 22/22 MP: 0/0
    41 | D        | Noticed a kobold brigand
    48 | D        | Noticed a kobold demonologist
    51 | D        | Noticed an iron imp
    52 | D        | Killed a kobold brigand
    53 | D        | Reached skill level 5 in Unarmed Combat
    53 | D        | Reached XP level 2. HP: 33/33 MP: 1/1
    53 | D        | Reached XP level 3. HP: 40/40 MP: 2/2
    53 | D        | Reached XP level 4. HP: 49/49 MP: 3/3
    54 | D        | Noticed a kobold demonologist
    55 | D        | Reached ** piety under Trog
    56 | D        | Noticed a smoke demon
    60 | D        | Noticed a red devil
    62 | D        | Slain by a red devil

Illustrated notes

Levels and vault maps discovered:
D:        pitsprint [storerooms_1, entrance_room_1, metal_vault_1, armoury_3,
          mini_pit_1, grid_room_1, main_hall_1, silver_pit, the_coven_1,
          the_vestibule_1, steel_vault_5, golden_pit, hallway_of_sentries,
          crystal_vault_4, iron_vault_5, final_vault]

Skill      XL: |  1 |
---------------+----+-----
Fighting       | 4 |  4.5
Dodging        | 4 |  4.5
Unarmed Combat | 5 |  5.4

Action                     |  1- 3 |  4- 6 || total
---------------------------+-------+-------++-------
  Melee: Unarmed           |     3 |     7 ||    10
 Invoke: Berserk           |     1 |       ||     1
 Armour: Animal skin       |       |    14 ||    14
  Dodge: Dodged            |     3 |     4 ||     7

Table legend: (Time is in decaauts)
 A = Elapsed time spent in this place.
 B = Non-inter-level travel time spent in this place.
 C = Inter-level travel time spent in this place.
 D = Time resting spent in this place.
 E = Time spent auto-exploring this place.
 F = Levels seen in this place.
 G = Mean time per level.
                   A        B        C        D        E       F      G
               +--------+--------+--------+--------+--------+-----+--------+
         Total |     59 |     59 |      0 |      0 |     11 |   1 |   59.0 |
       Dungeon |     59 |     59 |      0 |      0 |     11 |   1 |   59.0 |
               +--------+--------+--------+--------+--------+-----+--------+

Top non-repeatable levels by time:
       D: 59 daAuts
